 Dungeon Crawl Stone Soup version 0.28-a0-60-g54b5640690 (webtiles) character file.

Game seed: 4637081844138701744

69 Spaninq the Chopper (level 4, 0/35 HPs)
             Began as a Human Chaos Knight on July 30, 2021.
             Was a Plaything of Xom.
             Slain by a sun demon (25 damage)
             ... summoned by Xom
             ... on level 2 of the Dungeon.
             The game lasted 00:03:22 (1700 turns).

Spaninq the Chopper (Human Chaos Knight)            Turns: 1700, Time: 00:03:22

Health: 0/35       AC:  7    Str: 13    XL:     4   Next: 42%
Magic:  4/4        EV: 11    Int: 13    God:    Xom [.....*]
Gold:   118        SH:  0    Dex: 14    Spells: 3/3 levels left

rFire   . . .      SeeInvis .   a - +1 hand axe (chaos)
rCold   . . .      Faith    .   (no shield)
rNeg    . . .      Spirit   .   d - +0 ring mail {rPois}
rPois   +          Reflect  .   (helmet restricted)
rElec   .          Harm     .   (no cloak)
rCorr   .          Rampage  .   (no gloves)
Will    .....                   (no boots)
Stlth   +.........              (no amulet)
HPRegen 0.11/turn               (no ring)
MPRegen 0.09/turn               (no ring)

@: no status effects
A: antennae 1, iridescent scales 1, agile 1, screaming 1
a: Renounce Religion


You were on level 2 of the Dungeon.
You worshipped Xom.
You were Xom's teddy bear.
You visited 1 branch of the dungeon, and saw 2 of its levels.

You collected 118 gold pieces.

Inventory:

Hand Weapons
 a - a +1 hand axe of chaos (weapon)
Armour
 d - a +0 ring mail of poison resistance (worn)
 g - a +2 helmet
Potions
 c - 2 potions of curing
 e - a potion of cancellation {unknown}
 f - a potion of flight {unknown}
 i - a potion of lignification {unknown}


   Skills:
 + Level 3.4 Fighting
 * Level 3.9 Axes
 + Level 2.5 Armour
 + Level 1.9 Dodging


You had 3 spell levels left.
You didn't know any spells.
Your spell library was empty.

Dungeon Overview and Level Annotations

Branches:
Dungeon (2/15)

Altars:
Hepliaklqana


Innate Abilities, Weirdness & Mutations

You have a pair of small antennae on your head.
You are partially covered in iridescent scales. (AC +2)
You are agile. (Dex +2)
You occasionally shout uncontrollably at your foes.


Message History

You barely miss the goblin.
The goblin hits you with a +0 dagger of freezing.
The goblin freezes you. The goblin hits you but does no damage.
You miss the goblin.
The goblin hits you with a +0 dagger of freezing.
The goblin freezes you.
You hit the goblin. You burn the goblin.
You kill the goblin!
Items here: ( ))) ††.
Okay, then.
i - a sedimented emerald potion
Items here: ))))) [ †††††.
You start resting.
You sense a monster nearby.
A jackal comes into view.
The jackal barks!
You hear a bark!
A jackal comes into view.
You hear a bark!
You hear a shout!
Items here: ))))) [ †††††.
You barely miss the jackal.
The jackal bites you but does no damage.
The jackal closely misses you.
You hit the jackal.
The jackal is almost dead.
The jackal bites you but does no damage. x2
You hit the jackal.
You kill the jackal! "Let's see if it's strong enough to survive yet."
You are now Xom's teddy bear.
As you read the scroll labelled YHYCRA DARHEWI, it crumbles to dust.
It is a scroll of enchant weapon.
Your +0 hand axe of chaos glows red for a moment.
The jackal bites you but does no damage.
As you read the scroll labelled ILUXKI MOIJA, it crumbles to dust.
It is a scroll of identify.
c - 2 potions of curing The jackal closely misses you.
The sun demon hits you!!
Ouch! That really hurt!
You die... "I guess I need a new plaything now."

#.# #. ##.######.########## .
....(..............
...####.##.#####...######
...g....##.#####...##
>...........^.......#
..[.######.#####....## . ####)#
#.....# ########3@h5# #...#.#
........5#### #...#.####
#######..### ####...... #.....#
#####...### #...#.# #.......##
#...#.# #........# #####...#.#
#......#.#
#########.......#.#####......#.##
#.........##....#............#..#


You could see a sun demon (summoned), a crimson imp (summoned), a shadow imp
(summoned) and a jackal.

Vanquished Creatures
  Robin (D:2)
  2 gnolls (D:2)
  2 ball pythons
  3 endoplasms
  2 giant cockroaches (D:2)
  7 goblins
  7 hobgoblins
  A jackal (D:2)
  2 bats (D:2)
  A frilled lizard (D:1)
  2 kobolds (D:1)
  A rat (D:1)
31 creatures vanquished.

Vanquished Creatures (collateral kills)
  A gnoll (D:2)
1 creature vanquished.

Grand Total: 32 creatures vanquished

Notes
Turn   | Place    | Note
-------+----------+-------------------------------------------
     0 | D:1      | Spaninq the Human Chaos Knight began the quest for the Orb.
     0 | D:1      | Reached XP level 1. HP: 18/18 MP: 1/1
   361 | D:1      | Reached XP level 2. HP: 22/24 MP: 2/2
   844 | D:1      | XOM: give mutations
   844 | D:1      | Gained mutation: You are agile. (Dex +2) [Xom's grace]
   844 | D:1      | Gained mutation: You are partially covered in iridescent
                  | scales. (AC +2) [Xom's grace]
   909 | D:2      | XOM: summons 2 friendly demons
   915 | D:2      | Reached XP level 3. HP: 21/29 MP: 3/3
  1186 | D:2      | XOM: give mutations
  1186 | D:2      | Gained mutation: You have a pair of small antennae on your
                  | head. [Xom's mischief]
  1186 | D:2      | Gained mutation: You occasionally shout uncontrollably at
                  | your foes. [Xom's mischief]
  1201 | D:2      | Found a faded altar of an unknown god.
  1374 | D:2      | Found a hazy altar of Hepliaklqana.
  1392 | D:2      | XOM: summons 1 hostile shadow creature
  1549 | D:2      | Reached XP level 4. HP: 35/35 MP: 4/4
  1554 | D:2      | Noticed Robin
  1560 | D:2      | Killed Robin
  1698 | D:2      | XOM: summons 3 hostile demons
  1699 | D:2      | Noticed a sun demon
  1700 | D:2      | Slain by a sun demon

Illustrated notes

Levels and vault maps discovered:
D:1:      lightli_arrival_statuegarden, layout_rooms
D:2:      layout_basic, ebering_ecumenical_altar_rust, basic_altar, uniq_robin

Action                   |  1- 3 |  4- 6 || total
-------------------------+-------+-------++-------
Melee: Hand axe          |    74 |    31 ||   105
  Use: Scroll            |       |     2 ||     2
Armor: Leather armour    |     1 |       ||     1
       Ring mail         |    33 |    17 ||    50
Dodge: Dodged            |    47 |    17 ||    64

Table legend: (Time is in decaauts)
 A = Elapsed time spent in this place.
 B = Non-inter-level travel time spent in this place.
 C = Inter-level travel time spent in this place.
 D = Time resting spent in this place.
 E = Time spent auto-exploring this place.
 F = Levels seen in this place.
 G = Mean time per level.
                   A        B        C        D        E       F      G
               +--------+--------+--------+--------+--------+-----+--------+
         Total |   1713 |   1688 |     25 |    557 |    822 |   2 |  856.5 |
       Dungeon |   1713 |   1688 |     25 |    557 |    822 |   2 |  856.5 |
               +--------+--------+--------+--------+--------+-----+--------+

Top non-repeatable levels by time:
     D:2: 861 daAuts
     D:1: 852 daAuts
